 Dungeon Crawl Stone Soup version 0.21.1-1-g345015f (webtiles) character file.

24 Iko the Cutter (level 3, 0/27 HPs)
             Began as a Formicid Warper on June 19, 2018.
             Was an Initiate of Kikubaaqudgha.
             Slain by a vampire bat (2 damage)
             ... on level 3 of the Dungeon.
             The game lasted 00:05:32 (460 turns).

Iko the Cutter (Formicid Warper)                     Turns: 460, Time: 00:05:35

Health: 0/27       AC:  5    Str: 15    XL:     3   Next: 15%
Magic:  6/6        EV: 11    Int: 12    God:    Kikubaaqudgha [......]
Gold:   18         SH:  0    Dex: 11    Spells: 7/7 levels left

rFire    . . .     SeeInvis +   h - +0 rapier
rCold    . . .     Gourm    .   (no shield)
rNeg     . . .     Faith    .   g - +0 ring mail
rPois    +         Spirit   .   (helmet unavailable)
rElec    .         Reflect  .   (no cloak)
rCorr    .         Harm     .   (no gloves)
MR       .....                  (no boots)
Stlth    +.........             (no amulet)
HPRegen  0.09/turn              d - ring of poison resistance
MPRegen  0.10/turn              (no ring)

@: no status effects
A: permanent stasis, dig shafts and tunnels, four strong arms, antennae 3
a: Dig, Shaft Self, Renounce Religion


You were on level 3 of the Dungeon.
You worshipped Kikubaaqudgha.
Kikubaaqudgha was noncommittal.
You were not hungry.

You visited 1 branch of the dungeon, and saw 3 of its levels.

You collected 18 gold pieces.

Inventory:

Hand Weapons
 h - a +0 rapier (weapon)
Armour
 g - a +0 ring mail (worn)
Jewellery
 d - a ring of poison resistance (left hand)
Books
 b - a book of Minor Magic

   Spells                             Type                      Level
   a - Magic Dart                     Conjuration                  1
   b - Blink                          Translocation                2
   c - Call Imp                       Summoning                    2
   d - Slow                           Hexes                        2
   e - Conjure Flame                  Conjuration/Fire             3
   f - Mephitic Cloud                 Conjuration/Poison/Air       3
 c - a book of Spatial Translocations

   Spells                             Type                      Level
   a - Blink                          Translocation                2
   b - Shroud of Golubria             Charms/Translocation         2
   c - Lesser Beckoning               Translocation                3
   d - Gell's Gravitas                Translocation                3
   e - Teleport Other                 Translocation                3
   f - Passage of Golubria            Translocation                4
Comestibles
 f - 3 rations


   Skills:
 + Level 2.2 Fighting
 + Level 2.7 Short Blades
 + Level 1.0 Throwing
 + Level 1.3 Armour
 + Level 2.0 Dodging
 + Level 2.6 Spellcasting
   Level 2.6 Translocations


You had 7 spell levels left.
You didn't know any spells.

Dungeon Overview and Level Annotations

Branches:
Dungeon (3/15)

Altars:
Kikubaaqudgha


Innate Abilities, Weirdness & Mutations

You cannot be hasted, slowed, berserked, paralysed or teleported.
You can dig through walls and to a lower floor.
Your four strong arms can wield two-handed weapons with a shield.
You have a pair of large antennae on your head. (SInv)


Message History

The javelin closely misses the vampire bat.
The vampire bat barely misses you.
The vampire bat bites you but does no damage.
You closely miss the vampire bat.
The vampire bat bites you but does no damage.
You miss the vampire bat. The vampire bat bites you.
* * * LOW HITPOINT WARNING * * *
The vampire bat draws strength from your injuries!
The vampire bat bites you but does no damage.
You closely miss the vampire bat.
The vampire bat is heavily damaged.
The vampire bat bites you but does no damage. x2
The vampire bat barely misses you.
You closely miss the vampire bat. The vampire bat barely misses you.
The vampire bat bites you.
* * * LOW HITPOINT WARNING * * *
The vampire bat draws strength from your injuries!
The vampire bat bites you.
You die...
Kikubaaqudgha rasps: "You have failed me!
Welcome... death!"

####### ##.⌠.⌠.##
##..._...# #.#.
##.#(⌠.⌠.#.# #.#.
#.⌠.#.@.#.⌠.# #....
##.#b#b#(#.## #....
#.#.⌠.#(⌠.#.#
#.##.####.#.#.#.#.##
#.#...##.⌠.#.⌠.#.⌠.#
#.#.#.###.#^#.#.#.##
#.#......#.⌠.#.⌠(##
####.##...##.#.#.#.#.#
..........# ..#.⌠.#..#


You could see 2 vampire bats.

Vanquished Creatures
  A dart slug (D:2)
  3 orcs (D:3)
  3 bat skeletons (D:3)
  3 bat zombies (D:3)
  A giant cockroach (D:1)
  A goblin (D:1)
  A hobgoblin (D:1)
  A kobold (D:2)
  A bat (D:3)
  A rat (D:2)
16 creatures vanquished.

Notes
Turn   | Place    | Note
-------+----------+-------------------------------------------
     0 | D:1      | Iko the Formicid Warper began the quest for the Orb.
     0 | D:1      | Reached XP level 1. HP: 16/16 MP: 3/3
    90 | D:2      | Reached XP level 2. HP: 10/22 MP: 5/5
   419 | D:3      | Reached XP level 3. HP: 26/27 MP: 6/6
   425 | D:3      | Found an ancient bone altar of Kikubaaqudgha.
   433 | D:3      | Became a worshipper of Kikubaaqudgha
   460 | D:3      | Slain by a vampire bat

Skill      XL: |  1  2  3 |
---------------+----------+-----
Dodging        | 2 |  2.0
Fighting       | |  2.2
Short Blades   | |  2.7
Throwing       | |  1.0
Armour         | |  1.3
Spellcasting   | |  2.6
Translocations | |  2.6

Action                   || total
-------------------------++-------
Melee: Short sword       ||    46
       Rapier            ||    45
Throw: Tomahawk          ||     5
       Javelin           ||     4
 Abil: Dig               ||     2
  Use: Potion            ||     1
Armor: Leather armour    ||    12
       Ring mail         ||    74
Dodge: Dodged            ||   143
